 Dungeon Crawl Stone Soup version 0.31-a0-640-g39d97e502b (webtiles) character file.

Game seed: 6752323975954251058

86 rvierbuc the Grave Robber (level 4, -5/30 HPs)
             Began as a Demonspawn Necromancer on Aug 27, 2023.
             Slain by Crazy Yiuf
             ... wielding a +2 quarterstaff of chaos
              (7 damage)
             ... on level 3 of the Dungeon.
             The game lasted 00:05:52 (2765 turns).

rvierbuc the Grave Robber (Demonspawn Necromancer)  Turns: 2765, Time: 00:05:52

Health: -5/30      AC:  2    Str:  8    XL:     4   Next: 26%
Magic:  8/8        EV: 12    Int: 17    God:
Gold:   145        SH:  4    Dex: 17    Spells: 8/9 levels left

rFire   + . .        l - +7 falchion of Kupn {freeze, Dex+2}
rCold   + . .        (no shield)
rNeg    . . .        a - +0 robe
rPois   +            (no helmet)
rElec   +            (no cloak)
rCorr   +            (no gloves)
SInv    .            (no boots)
Will    .....        (no amulet)
Stlth   ++           (no ring)
HPRegen 0.25/turn    (no ring)
MPRegen 0.11/turn

%: no passive effects
@: mighty, resistant
A: large bone plates 1, foul stench 1
a: no special abilities


You were on level 3 of the Dungeon.
You visited 1 branch of the dungeon, and saw 3 of its levels.

You collected 145 gold pieces.

Inventory:

Hand Weapons
 f - a +0 short sword
 l - the +7 falchion of Kupn (weapon) {freeze, Dex+2}
   (You found it on level 3 of the Dungeon)

   Dex+2:     It affects your dexterity (+2).
Missiles
 o - 8 poisoned darts
Armour
 a - a +0 robe (worn)
Jewellery
 j - a ring of poison resistance
 n - a +6 ring of strength
 p - a +6 ring of strength
Scrolls
 d - 2 scrolls of revelation {unknown}
 g - a scroll of vulnerability {unknown}
 h - 2 scrolls of torment {unknown}
 i - 3 scrolls of identify {unknown}
 k - 2 scrolls of teleportation {unknown}
Potions
 b - 2 potions of magic
 e - a potion of curing {unknown}
 m - a potion of resistance {unknown}
 q - 2 potions of enlightenment {unknown}


   Skills:
 + Level 0.1 Short Blades
 + Level 1.9 Dodging
 + Level 1.8 Stealth
 + Level 0.3 Unarmed Combat
 + Level 3.0 Spellcasting
 + Level 5.4 Necromancy


You had 8 spell levels left.
You knew the following spells:

 Your Spells              Type           Power      Damage    Failure   Level
a - Necrotise             Necr           84%        1d8       1%          1

Your spell library contained the following spells:

 Spells                   Type           Power      Damage    Failure   Level
 Vampiric Draining        Necr           21%        2d7       5%          3
 Animate Dead             Necr           21%        N/A       19%         4
 Agony                    Necr           21%        N/A       45%         5
 Chain Lightning          Conj/Air       1%         3d1       100%        9
 Fire Storm               Conj/Fire      1%         7d1       100%        9
 Shatter                  Erth           1%         3d5*      100%        9


Dungeon Overview and Level Annotations

Branches:
Dungeon (3/15)

Altars:

Shops:
D:3 ?!(

Annotations:
D:3 Crazy Yiuf


Innate Abilities, Weirdness & Mutations

You are partially covered in large bone plates. (SH +4)
You may rarely emit foul miasma when damaged in melee.


Message History

The giant cockroach closely misses you.
You slash the giant cockroach! You freeze the giant cockroach.
You kill the giant cockroach!
Your quokka skeleton crumbles into dust!
Your quokka skeleton crumbles into dust!
You enter the shallow water.
Moving in this stuff is going to be slow.
You enter the shallow water.
Moving in this stuff is going to be slow.
There is a collapsed entrance here.
You enter the shallow water.
Moving in this stuff is going to be slow.
You enter the shallow water.
Moving in this stuff is going to be slow.
You enter the shallow water.
Moving in this stuff is going to be slow.
You see here a +0 short sword.
You open the door. You closely miss Crazy Yiuf.
Crazy Yiuf hits you with a +2 quarterstaff of chaos!
You are poisoned.
Okay, then.
You feel very sick.
You feel sick.
Crazy Yiuf screams, "Two!"
You feel sick.
You feel sick.
You feel sick.
You feel sick. Crazy Yiuf attacks as he pursues you!
Crazy Yiuf barely misses you.
You feel sick. Crazy Yiuf attacks as he pursues you!
Crazy Yiuf hits you with a +2 quarterstaff of chaos!
* * * LOW HITPOINT WARNING * * *
You feel protected.
It was a potion of might.
You feel very mighty all of a sudden.
You feel sick.
You are no longer poisoned.
Crazy Yiuf hits you with a +2 quarterstaff of chaos!
You die...

.....# #'# .....#
♣.♣♣ .....# ♣♣.♣
.....# ♣.♣♣ #.#.##
♣♣.♣ #.#.## ♣♣.♣♣
.....# ♣♣.P.♣
###..# ♣PPg.♣
###..# ##.@##
.....# ### #....#
### #..#.#####.#
#...#####.#########
#..#(......#
##.###.#.#........#
......######
#..........######.#
...####
#.####.#...#### #.#
...# #.#
#.........# #.#
...# #.#
#.........# #.#
...#
##.###...<.....#
#.#


You could see Crazy Yiuf.

Vanquished Creatures
  3 adders
  5 endoplasms
  6 giant cockroaches
  7 goblins
  4 hobgoblins
  5 kobolds
  5 quokkas
  3 ball pythons
  4 bats
  2 frilled lizards
  2 rats
46 creatures vanquished.

Vanquished Creatures (collateral kills)
  2 endoplasms (D:1)
  A frilled lizard (D:1)
3 creatures vanquished.

Grand Total: 49 creatures vanquished

Notes
Turn   | Place    | Note
-------+----------+-------------------------------------------
     0 | D:1      | rvierbuc the Demonspawn Necromancer began the quest for the
                  | Orb.
     0 | D:1      | Reached XP level 1. HP: 13/13 MP: 3/3
   140 | D:1      | Gained mutation: You are partially covered in large bone
                  | plates. (SH +4) [demonic ancestry]
   140 | D:1      | Reached XP level 2. HP: 17/19 MP: 0/5
   366 | D:1      | Found a faded altar of an unknown god.
   711 | D:1      | Reached skill level 5 in Necromancy
  1066 | D:2      | Gained mutation: You may rarely emit foul miasma when
                  | damaged in melee. [demonic ancestry]
  1066 | D:2      | Reached XP level 3. HP: 24/24 MP: 2/6
  1936 | D:2      | You fall into a shaft and drop 1 floor!
  1938 | D:3      | Found Istravehi's Magic Scroll Shop.
  1998 | D:3      | Found Fubbualun's Distillery.
  2062 | D:3      | Reached XP level 4. HP: 27/30 MP: 3/8
  2095 | D:3      | Identified the +7 falchion of Kupn {freeze, Dex+2}
  2190 | D:3      | Found a runed translucent door.
  2191 | D:3      | Noticed Crazy Yiuf
  2254 | D:3      | Found Payly's Antique Weapon Shoppe.
  2765 | D:3      | Slain by Crazy Yiuf

Illustrated notes

Levels and vault maps discovered:
D:1:      scummos_arrival_hexagon, layout_loops_ring, basic_ecumenical_altar
D:2:      layout_basic
D:3:      layout_loops_cross, serial_shops, shop, shop, shop,
          gup_sewer_entry_pipe, chequers_serial_rivers_small_b,
          uniq_crazy_yiuf_cottage

Skill      XL: |  1  2  3  4 |
---------------+-------------+-----
Necromancy     | 5 |  5.4
Spellcasting   | 3 |  3.0
Short Blades   | |  0.1
Dodging        | |  1.9
Stealth        | |  1.8
Unarmed Combat | |  0.3

Action                     |  1- 3 |  4- 6 || total
---------------------------+-------+-------++-------
  Melee: Unarmed           |     8 |       ||     8
         Punch             |     1 |     1 ||     2
         Short sword       |     2 |       ||     2
         Falchion          |       |     6 ||     6
   Cast: Necrotise         |    70 |    13 ||    83
    Use: Potion            |       |     1 ||     1
 Armour: Robe              |     4 |     1 ||     5
  Dodge: Dodged            |    15 |     6 ||    21
  Block: Other             |     1 |       ||     1

Table legend: (Time is in decaauts)
 A = Elapsed time spent in this place.
 B = Non-inter-level travel time spent in this place.
 C = Inter-level travel time spent in this place.
 D = Time resting spent in this place.
 E = Time spent auto-exploring this place.
 F = Levels seen in this place.
 G = Mean time per level.
                   A        B        C        D        E       F      G
               +--------+--------+--------+--------+--------+-----+--------+
         Total |   2774 |   2736 |     38 |      0 |   2456 |   3 |  924.7 |
       Dungeon |   2774 |   2736 |     38 |      0 |   2456 |   3 |  924.7 |
               +--------+--------+--------+--------+--------+-----+--------+

Top non-repeatable levels by time:
     D:2: 969 daAuts
     D:1: 965 daAuts
     D:3: 839 daAuts
